 Dungeon Crawl Stone Soup version 0.27-a0-1119-gbf574a6a6b (webtiles) character file.

Game seed: 6854247529599933569

40 Zeld the Skirmisher (level 3, -1/26 HPs)
             Began as an Octopode Fighter on May 2, 2021.
             Slain by a gnoll
             ... wielding a +0 spear
              (5 damage)
             ... on level 4 of the Dungeon.
             The game lasted 00:00:54 (833 turns).

Zeld the Skirmisher (Octopode Fighter)               Turns: 833, Time: 00:00:54

Health: -1/26      AC:  1    Str: 16    XL:     3   Next: 50%
Magic:  3/3        EV: 11    Int: 10    God:
Gold:   22         SH:  9    Dex: 11    Spells: 2/2 levels left

rFire    . . .     SeeInvis .   a - +0 war axe
rCold    . . .     Faith    .   b - +0 kite shield
rNeg     . . .     Spirit   .   (helmet restricted)
rPois    .         Reflect  .   (no amulet)
rElec    .         Harm     .   (no ring)
rCorr    .         Rampage  .   (no ring)
Will     .....                  (no ring)
Stlth    ++........             (no ring)
HPRegen  0.08/turn              (no ring)
MPRegen  0.08/turn              (no ring)
                                (no ring)
                                (no ring)

@: no status effects
A: almost no armour, amphibious, 8 rings, camouflage 1, gelatinous body 1,
(nimble swimmer 1), tentacles
a: no special abilities


You were on level 4 of the Dungeon.
You visited 1 branch of the dungeon, and saw 5 of its levels.

You collected 22 gold pieces.

Inventory:

Hand Weapons
 a - a +0 war axe (weapon)
Armour
 b - a +0 kite shield (worn)
Scrolls
 d - a scroll of identify {unknown}
 g - a scroll of blinking {unknown}
 i - a scroll of magic mapping {unknown}
Potions
 c - a potion of might
 e - a potion of resistance {unknown}
 f - a potion of degeneration {unknown}
 h - a potion of haste {unknown}


   Skills:
 * Level 3.5 Fighting
 * Level 2.7 Axes
 - Level 3.0 Dodging
 * Level 3.5 Shields


You had 2 spell levels left.
You didn't know any spells.
Your spell library contained the following spells:

 Spells                   Type           Power      Damage    Failure   Level
 Summon Small Mammal      Summ           0%         N/A       86%         1
 Call Imp                 Summ           0%         N/A       94%         2
 Call Canine Familiar     Summ           0%         N/A       99%         3
 Summon Guardian Golem    Hex/Summ       0%         N/A       99%         3
 Summon Ice Beast         Ice/Summ       0%         N/A       100%        4
 Summon Lightning Spire   Summ/Air       0%         N/A       100%        4


Dungeon Overview and Level Annotations

Branches:
Dungeon (5/15)
 Temple: D:4-7

Altars:


Innate Abilities, Weirdness & Mutations

You cannot wear most types of armour.
You are amphibious.
You can wear up to eight rings at the same time.
Your skin changes colour to match your surroundings (Stealth+).
Your rubbery body absorbs attacks. (AC +1, EV +1)
((You are camouflaged near water. (Stealth+)))
You have tentacles for arms and can constrict up to eight enemies at once.


Message History

a +0 short sword; a stone The hobgoblin shouts!
You barely miss the hobgoblin. Your grab misses the hobgoblin.
You squeeze the hobgoblin.
The hobgoblin is moderately wounded.
The hobgoblin hits you.
You slash the hobgoblin!
You kill the hobgoblin!
No target in view!
No target in view!
A gnoll comes into view. It is wielding a +0 spear. x2
There are monsters nearby!
There are monsters nearby!
Things that are here:
a +0 club; a goblin corpse
There is an open door here.
You start resting.
A gnoll is nearby!
A gnoll comes into view. It is wielding a +0 halberd.
The gnoll shouts!
The gnoll hits you with a +0 spear.
The gnoll moves out of view.
You barely miss the gnoll. You grab the gnoll. You constrict the gnoll.
The gnoll escapes!
The gnoll hits you with a +0 spear.
You hit the gnoll. Your grab misses the gnoll.
The gnoll is moderately wounded.
You block the gnoll's attack.
You closely miss the gnoll. Your grab misses the gnoll.
Your squeeze misses the gnoll.
The gnoll is moderately wounded.
You block the gnoll's attack. The gnoll barely misses you.
The gnoll closely misses you.
The gnoll shouts!
You hit the gnoll. You grab the gnoll.
The gnoll is severely wounded.
You constrict the gnoll, but do no damage.
The gnoll hits you from afar with a +0 spear.
The gnoll hits you with a +0 spear!
* * * LOW HITPOINT WARNING * * *
The gnoll hits you from afar with a +0 spear.
You die...

#####
##########...#
#.......##...# #.
#.......''...+ ..#
#####.....>.##...#
..##
#.....####'###...##
....##.###'####.#
##...#########
#.......)..##@#
#...#.......#
#.......)g.g.g#
#...###.###.#
#...†...)..####
#...###.....#
#.........>#
#...........#
#.#.#......#
###......(..# #
#.#......#
#.....(....
#.########
#.....#.### #.
#.....#.##. #.
#..#..#.##.


You could see 3 gnolls.

Vanquished Creatures
  A centaur skeleton (D:4)
  A ball python (D:4)
  A goblin (D:4)
  2 hobgoblins
  3 kobolds (D:4)
  A frilled lizard (D:1)
  A rat (D:1)
10 creatures vanquished.

Notes
Turn   | Place    | Note
-------+----------+-------------------------------------------
     0 | D:1      | Zeld the Octopode Fighter began the quest for the Orb.
     0 | D:1      | Reached XP level 1. HP: 16/16 MP: 1/1
   427 | D:5      | Entered Level 5 of the Dungeon
   506 | D:5      | Noticed a black bear
   514 | D:4      | Reached XP level 2. HP: 7/21 MP: 2/2
   514 | D:4      | Reached XP level 3. HP: 9/26 MP: 3/3
   833 | D:4      | Slain by a gnoll

Illustrated notes

Levels and vault maps discovered:
D:1:      minmay_arrival_loop, layout_basic, serial_shops, shop,
          kennysheep_nondescript, minmay_tromino_v2
D:2:      layout_basic, palyth_stone_intersect, hex_medium, uniq_sigmund
D:3:      minmay_diamond_boxcup, layout_basic, uniq_grinder
D:4:      layout_basic, serial_shops, shop
D:5:      layout_loops_ring, minmay_puff, uniq_edmund

Action                   || total
-------------------------++-------
Melee: War axe           ||    23
       Constrict         ||     4
       Tentacles         ||     3
Armor: Skin              ||     3
Dodge: Dodged            ||    17
Block: Kite shield       ||    19

Table legend: (Time is in decaauts)
 A = Elapsed time spent in this place.
 B = Non-inter-level travel time spent in this place.
 C = Inter-level travel time spent in this place.
 D = Time resting spent in this place.
 E = Time spent auto-exploring this place.
 F = Levels seen in this place.
 G = Mean time per level.
                   A        B        C        D        E       F      G
               +--------+--------+--------+--------+--------+-----+--------+
         Total |    845 |    838 |      7 |      4 |    724 |   5 |  169.0 |
       Dungeon |    845 |    838 |      7 |      4 |    724 |   5 |  169.0 |
               +--------+--------+--------+--------+--------+-----+--------+

Top non-repeatable levels by time:
     D:4: 609 daAuts
     D:1: 100 daAuts
     D:5: 80 daAuts
     D:2: 45 daAuts
     D:3: 8 daAuts
